 Dungeon Sprint DCSS version 0.14-a0-329-g7c54ee0 (console) character file.

19551 Dalvant the Destroyer (level 12, -3/65 HPs)
             Began as a Deep Elf Fire Elementalist on Oct 22, 2013.
             Was the Champion of Vehumet.
             Killed from afar by Nellie (68 damage)
             ... with a blast of flame
             ... in the Dungeon (Sprint III: "The Ten Rune Challenge").
             The game lasted 00:25:27 (3849 turns).

Dalvant the Destroyer (Deep Elf Fire Elementalist)  Turns: 3849, Time: 00:25:27

HP  -3/65        AC  4     Str  5      XL: 12   Next: 20%
MP  29/37        EV 12     Int 26      God: Vehumet [******]
Gold 1910        SH  8     Dex 15      Spells:  9 memorised, 19 levels left

Res.Fire  : . . .   See Invis. : .   k - +2,+1 elf long sword (holy)
Res.Cold  : . . .   Warding    : .   n - +1 elf robe {rPois}
Life Prot.: . . .   Conserve   : .   b - +0 elf buckler
Res.Poison: +       Res.Corr.  : .   (no helmet)
Res.Elec. : .       Clarity    : .   w - +0 cloak
Sust.Abil.: . .     Spirit.Shd : .   (no gloves)
Res.Mut.  : .       Prev.Telep.: +   (no boots)
Res.Rott. : .       Flight     : .   (no amulet)
Saprovore : . . .                    (no ring)
                                     (no ring)

@: delayed fireball, somewhat resistant to hostile enchantments, quite stealthy
A: no striking features
a: Renounce Religion, Release Delayed Fireball


You were in the Dungeon.
You worshipped Vehumet.
Vehumet was exalted by your worship.
You were not hungry.

You visited 1 branch You collected 1952 gold pieces.
You spent 62 gold pieces at shops.

Inventory:

Hand weapons
 k - a +2,+1 elven long sword of holy wrath (weapon)
Armour
 b - a +0 elven buckler (worn)
 n - a +1 elven robe of poison resistance (worn)
 t - a +1 elven robe of poison resistance
 u - a +2 robe of the Archmagi
 w - a +0 cloak (worn)
Comestibles
 a - a rotting chunk of queen bee flesh
 c - a bread ration
 f - a chunk of killer bee flesh
 r - a meat ration
 v - 21 honeycombs
 x - 4 royal jellies
 z - a chunk of killer bee flesh
Scrolls
 i - a scroll of blinking
 j - 4 scrolls of remove curse
 l - 2 scrolls of holy word {unknown}
 m - a scroll of identify {unknown}
 q - a scroll of curse armour {unknown}
Potions
 d - a potion of curing
 e - 2 potions of heal wounds
 g - 2 potions of magic
 h - a potion of berserk rage
 s - a potion of might
Books
 o - a book of the Earth

   Spells                             Type                      Level
   *Dig                               Earth                        4
   Leda's Liquefaction                Hexes/Earth                  4
   Bolt of Magma                      Conjuration/Fire/Earth       5
   Statue Form                        Transmutation/Earth          6
   Iron Shot                          Conjuration/Earth            6
   Shatter                            Earth                        9
 p - a book of Conjurations

   Spells                             Type                      Level
   *Magic Dart                        Conjuration                  1
   Searing Ray                        Conjuration                  2
   Dazzling Spray                     Conjuration/Hexes            3
   *Iskenderun's Mystic Blast         Conjuration                  4
   *Iskenderun's Battlesphere         Conjuration/Charms           4
   Fulminant Prism                    Conjuration/Hexes            5


   Skills:
 - Level 5.5 Fighting
 - Level 2.6 Dodging
 - Level 5.8 Stealth
 - Level 1.0 Shields
 + Level 18.1 Spellcasting
 * Level 19.3 Conjurations
 - Level 4.3 Charms
 * Level 19.3 Fire Magic
 + Level 0.2 Earth Magic


You had 19 spell levels left.
You knew the following spells:

 Your Spells              Type           Power        Failure   Level  Hunger
a - Flame Tongue          Conj/Fire      #####        0%          1    None
b - Fireball              Conj/Fire      #######...   1%          5    None
c - Sticky Flame          Conj/Fire      #######.     0%          4    None
d - Iskenderun's Mystic   Conj           #######.     0%          4    None
A - Magic Dart            Conj           ####         0%          1    None
C - Iskenderun's Battles  Conj/Chrm      ######..     1%          4    None
D - Delayed Fireball      Conj/Fire      N/A          1%          7    #####..
K - Dig                   Erth           ###.....     21%         4    None
M - Mephitic Cloud        Conj/Pois/Air  ######..     1%          3    None


Dungeon Overview and Level Annotations

Branches:
Dungeon (1/1)

Altars:
Cheibriados
Elyvilon
Fedhas
Kikubaaqudgha
Makhleb
Nemelex Xobeh
Okawaru
Sif Muna
Trog
Vehumet
Xom
Yredelemnul
Zin
the Shining One

Shops:
D [

Annotations:
D Nellie


Message History

Why would you want to do that?
You see here a killer bee corpse.
You see here a killer bee corpse.
You aren't carrying any items that can be evoked.
Unknown command.
Casting: Flame Tongue
Confirm with . or Enter, or press ? or * to list all spells.
Aiming: Dig
Press: ? - help, Shift-Dir - straight line The rock shatters into small pieces.
Casting: Dig
Confirm with . or Enter, or press ? or * to list all spells.
Aiming: Dig
Press: ? - help, Shift-Dir - straight line The rock shatters into small pieces.
Nellie comes into view.
Nellie breathes fire at you. The blast of flame hits you!
Ouch! That really hurt!
You die...

### ######### ♣.###############..##.#.#######
### ♣.#___#__.#__##.[..#∩#.)[.#...# [).'
♣.#...#...#._#.[....:.[##.#(..##≈≈≈≈##
♣.###'#'###'##[)).......#.#...≈≈≈.....
♣.#....)..)..#[[......###.#.%.##≈≈≈≈##
..'.⌠........#[##.#.##.##.'...# .).'
♣.#...######'#[#..##.#.############## #######
..#.⌠.#..#...#'#################.######@....#
..#...#_.#...#....#.#.#.....#.....%'%%.≈≈#Y##
..#)###_.#...##.#..#.##)###.#...%..#...%≈###
..#.).#_.#...)##.#.#.##)#.%##%....(#...%≈≈≈#
..#___#..'...#)..#..#..##..%%%%....#.%%≈≈≈≈#
############################.(..(..#.......#
#.......#.......# +......(#.......#
#.(...(.######### ##)######## #...'(≈≈§§#
#..)#.≈≈§≈# #..)#.#≈§≈# #####.#)≈§≈# #.PPP.#
#≈≈≈≈ #§§§.P# )≈≈§ #§§§.P# #≈ #§§§.P# #§#####
#. #


You could see Nellie.

Vanquished Creatures
  A deep elf master archer (D)
  Sigmund (D)
  A deep elf demonologist (D)
  3 deep elf annihilators (D)
  2 deep elf high priests (D)
  4 orc high priests (D)
  Erolcha (D)
  2 deep elf knights (D)
  A deep elf conjurer (D)
  An orc sorcerer (D)
  2 deep elf summoners (D)
  A queen bee (D)
  2 yaktaurs (D)
  A deep elf priest (D)
  A blue devil (D)
  2 trapdoor spiders (D)
  A redback (D)
  2 hill giants (D)
  A spatial vortex (D)
  A demigod (D)
  A necrophage (D)
  4 orc warriors (D)
  3 two-headed ogres (D)
  A water elemental (D)
  30 killer bees (D)
  A jelly (D)
  An orc priest (D)
  2 orc wizards (D)
  A necromancer (D)
  A wizard (D)
  A scorpion (D)
  A kobold demonologist (D)
  3 humans (D)
  Jessica (D)
  A giant mite (D)
  A grey rat (D)
  An ooze (D)
  8 orcs (D)
  A kobold (D)
94 creatures vanquished.

Vanquished Creatures (others)
  2 draconian scorchers (D)
  Edmund (D)
  A yaktaur (D)
  An orc high priest (D)
  A killer bee (D)
  9 plants (D)
15 creatures vanquished.

Grand Total: 109 creatures vanquished

Notes
Turn   | Place    | Note
--------------------------------------------------------------
     0 | D        | Dalvant, the Deep Elf Fire Elementalist, began the quest for the Orb.
     0 | D        | Reached XP level 1. HP: 10/10 MP: 4/4
     7 | D        | Reached skill level 4 in Fire Magic
    58 | D        | Noticed Jessica
    62 | D        | Killed Jessica
    62 | D        | Reached skill level 1 in Fighting
    62 | D        | Reached skill level 5 in Fire Magic
    62 | D        | Reached XP level 2. HP: 15/15 MP: 3/7
    66 | D        | Reached skill level 6 in Fire Magic
    66 | D        | Reached XP level 3. HP: 11/19 MP: 0/9
   307 | D        | Noticed a scorpion
   315 | D        | Killed a scorpion
   315 | D        | Reached skill level 7 in Fire Magic
   315 | D        | Reached XP level 4. HP: 21/24 MP: 5/13
   322 | D        | Learned a level 4 spell: Sticky Flame
   368 | D        | Killed a white draconian scorcher
   386 | D        | Killed a white draconian scorcher
   496 | D        | Noticed a water elemental
   500 | D        | Killed a water elemental
   500 | D        | Reached skill level 8 in Fire Magic
   555 | D        | Found a white marble altar of Elyvilon.
   555 | D        | Found a glowing golden altar of the Shining One.
   555 | D        | Found a glowing silver altar of Zin.
   556 | D        | Noticed a deep elf priest
   562 | D        | Killed a deep elf priest
   562 | D        | Reached skill level 5 in Stealth
   562 | D        | Reached skill level 5 in Spellcasting
   562 | D        | Reached skill level 10 in Fire Magic
   562 | D        | Reached XP level 5. HP: 15/29 MP: 5/18
   562 | D        | Reached XP level 6. HP: 18/35 MP: 5/20
   723 | D        | Learned a level 5 spell: Fireball
   731 | D        | Found a radiant altar of Vehumet.
   731 | D        | Found a deep blue altar of Sif Muna.
   731 | D        | Found an ancient bone altar of Kikubaaqudgha.
   731 | D        | Noticed a wizard
   733 | D        | Killed a wizard
   743 | D        | Became a worshipper of Vehumet
   749 | D        | Learned a level 4 spell: Iskenderun's Battlesphere
   751 | D        | Learned a level 1 spell: Magic Dart
   904 | D        | Found an iron altar of Okawaru.
   904 | D        | Found a bloodstained altar of Trog.
   906 | D        | Noticed a human
   911 | D        | Killed a human
   911 | D        | Reached skill level 5 in Fighting
   911 | D        | Reached skill level 11 in Fire Magic
   911 | D        | Reached XP level 7. HP: 29/40 MP: 12/23
  1018 | D        | Found a snail-covered altar of Cheibriados.
  1018 | D        | Found a blossoming altar of Fedhas.
  1018 | D        | Found a basalt altar of Yredelemnul.
  1018 | D        | Noticed a necrophage
  1018 | D        | Noticed a necromancer
  1019 | D        | Killed a necromancer
  1019 | D        | Acquired Vehumet's first power
  1019 | D        | Offered knowledge of Shock by Vehumet.
  1023 | D        | Killed a necrophage
  1023 | D        | Reached skill level 1 in Shields
  1119 | D        | Noticed a jelly
  1120 | D        | Killed a jelly
  1121 | D        | Noticed a demigod
  1125 | D        | Killed a demigod
  1172 | D        | Noticed a spatial vortex
  1174 | D        | Found a shimmering altar of Xom.
  1174 | D        | Found a burning altar of Makhleb.
  1179 | D        | Killed a spatial vortex
  1180 | D        | Found a sparkling altar of Nemelex Xobeh.
  1264 | D        | Noticed a two-headed ogre
  1264 | D        | Noticed a two-headed ogre
  1267 | D        | Noticed a two-headed ogre
  1269 | D        | Killed a two-headed ogre
  1269 | D        | Offered knowledge of Sandblast by Vehumet.
  1269 | D        | Reached XP level 8. HP: 45/45 MP: 12/26
  1270 | D        | Killed a two-headed ogre
  1270 | D        | Reached skill level 10 in Conjurations
  1270 | D        | Reached skill level 12 in Fire Magic
  1273 | D        | Killed a two-headed ogre
  1361 | D        | Learned a level 4 spell: Iskenderun's Mystic Blast
  1402 | D        | Noticed a hill giant
  1409 | D        | Killed a hill giant
  1409 | D        | Acquired Vehumet's second power
  1417 | D        | Noticed a hill giant
  1422 | D        | Killed a hill giant
  1422 | D        | Reached skill level 10 in Spellcasting
  1558 | D        | Noticed Erolcha
  1559 | D        | Noticed a redback
  1559 | D        | Noticed a trapdoor spider
  1560 | D        | Killed Erolcha
  1560 | D        | Offered knowledge of Mephitic Cloud by Vehumet.
  1560 | D        | Reached skill level 13 in Fire Magic
  1560 | D        | Reached XP level 9. HP: 50/50 MP: 12/29
  1560 | D        | Killed a trapdoor spider
  1562 | D        | Killed a redback
  1654 | D        | Learned a level 3 spell: Mephitic Cloud
  1689 | D        | Noticed an orc warrior
  1690 | D        | Noticed an orc warrior
  1691 | D        | Noticed an orc warrior
  1691 | D        | Noticed an orc wizard
  1692 | D        | Noticed an orc sorcerer
  1693 | D        | Noticed an orc wizard
  1693 | D        | Offered knowledge of Olgreb's Toxic Radiance by Vehumet.
  1693 | D        | Acquired Vehumet's third power
  1696 | D        | Killed an orc sorcerer
  1696 | D        | Killed an orc wizard
  1696 | D        | Reached skill level 14 in Fire Magic
  1697 | D        | Killed an orc warrior
  1698 | D        | Killed an orc warrior
  1698 | D        | Killed an orc wizard
  1702 | D        | Killed an orc warrior
  1704 | D        | Noticed an orc high priest
  1717 | D        | Killed an orc high priest
  1724 | D        | Noticed an orc warrior
  1725 | D        | Killed an orc warrior
  1737 | D        | Noticed an orc high priest
  1738 | D        | Noticed a hellwing
  1738 | D        | Killed an orc high priest
  1738 | D        | Reached skill level 15 in Fire Magic
  1738 | D        | Reached XP level 10. HP: 46/55 MP: 7/32
  1876 | D        | Found Xualotas' Antique Armour Emporium.
  1921 | D        | Bought a glowing robe for 18 gold pieces
  1921 | D        | Bought a runed robe for 18 gold pieces
  1921 | D        | Bought a cloak for 26 gold pieces
  1966 | D        | Noticed a deep elf summoner
  1966 | D        | Noticed a deep elf knight
  1966 | D        | Noticed a deep elf summoner
  1966 | D        | Noticed a deep elf conjurer
  1966 | D        | Noticed a deep elf knight
  1990 | D        | Killed a deep elf knight
  1990 | D        | Offered knowledge of Venom Bolt by Vehumet.
  1991 | D        | Killed a deep elf summoner
  1992 | D        | Killed a deep elf conjurer
  1992 | D        | Reached skill level 15 in Conjurations
  1993 | D        | Killed a deep elf knight
  1993 | D        | Reached skill level 16 in Fire Magic
  1994 | D        | Killed a deep elf summoner
  2110 | D        | Noticed a deep elf demonologist
  2113 | D        | Noticed a deep elf annihilator
  2117 | D        | Killed a deep elf demonologist
  2117 | D        | Reached skill level 15 in Spellcasting
  2118 | D        | Noticed a deep elf high priest
  2121 | D        | Noticed a deep elf master archer
  2121 | D        | Killed a deep elf high priest
  2121 | D        | Reached skill level 17 in Fire Magic
  2121 | D        | Reached XP level 11. HP: 24/60 MP: 17/34
  2121 | D        | Killed a deep elf annihilator
  2203 | D        | Killed a yaktaur
  2273 | D        | Noticed a deep elf high priest
  2276 | D        | Killed a deep elf high priest
  2276 | D        | Offered knowledge of Poisonous Cloud by Vehumet.
  2283 | D        | Noticed a deep elf annihilator
  2387 | D        | Noticed a deep elf annihilator
  2390 | D        | Killed a deep elf annihilator
  2445 | D        | Killed a deep elf master archer
  2445 | D        | Reached skill level 18 in Conjurations
  2454 | D        | Killed a deep elf annihilator
  2590 | D        | Noticed a trapdoor spider
  2594 | D        | Killed a trapdoor spider
  3050 | D        | Noticed Sigmund
  3050 | D        | Noticed Edmund
  3053 | D        | Killed Edmund
  3054 | D        | Killed Sigmund
  3242 | D        | Noticed an orc high priest
  3242 | D        | Noticed an orc high priest
  3270 | D        | Killed an orc high priest
  3270 | D        | Reached XP level 12. HP: 57/65 MP: 23/37
  3272 | D        | Killed an orc high priest
  3272 | D        | Offered knowledge of Force Lance by Vehumet.
  3313 | D        | Noticed an orc priest
  3313 | D        | Killed an orc priest
  3321 | D        | Killed an orc high priest
  3364 | D        | Learned a level 4 spell: Dig
  3378 | D        | Noticed a yaktaur
  3380 | D        | Noticed a yaktaur
  3380 | D        | Killed a yaktaur
  3380 | D        | Reached skill level 19 in Conjurations
  3411 | D        | Killed a yaktaur
  3508 | D        | Noticed a killer bee
  3508 | D        | Noticed a killer bee
  3508 | D        | Noticed a killer bee
  3508 | D        | Noticed a killer bee
  3508 | D        | Noticed a killer bee
  3508 | D        | Noticed a killer bee
  3508 | D        | Noticed a killer bee
  3508 | D        | Noticed a killer bee
  3508 | D        | Noticed a killer bee
  3508 | D        | Noticed a killer bee
  3508 | D        | Noticed a killer bee
  3508 | D        | Noticed a killer bee
  3508 | D        | Noticed a killer bee
  3510 | D        | Killed a killer bee
  3511 | D        | Noticed a killer bee
  3512 | D        | Noticed a killer bee
  3512 | D        | Noticed a killer bee
  3518 | D        | Killed a killer bee
  3518 | D        | Killed a killer bee
  3518 | D        | Killed a killer bee
  3518 | D        | Killed a killer bee
  3520 | D        | Killed a killer bee
  3520 | D        | Offered knowledge of Delayed Fireball by Vehumet.
  3521 | D        | Noticed a killer bee
  3521 | D        | Killed a killer bee
  3522 | D        | Killed a killer bee
  3522 | D        | Killed a killer bee
  3523 | D        | Killed a killer bee
  3524 | D        | Killed a killer bee
  3537 | D        | Noticed a killer bee
  3538 | D        | Killed a killer bee
  3538 | D        | Killed a killer bee
  3577 | D        | Noticed a killer bee
  3577 | D        | Killed a killer bee
  3604 | D        | Noticed a queen bee
  3604 | D        | Killed a queen bee
  3654 | D        | Learned a level 7 spell: Delayed Fireball
  3657 | D        | Noticed a killer bee
  3657 | D        | Killed a killer bee
  3659 | D        | Noticed a killer bee
  3659 | D        | Killed a killer bee
  3718 | D        | Killed a killer bee
  3721 | D        | Killed a killer bee
  3745 | D        | Killed a killer bee
  3750 | D        | Noticed a killer bee
  3750 | D        | Noticed a killer bee
  3750 | D        | Noticed a killer bee
  3750 | D        | Noticed a killer bee
  3750 | D        | Noticed a killer bee
  3750 | D        | Noticed a killer bee
  3750 | D        | Noticed a killer bee
  3750 | D        | Noticed a killer bee
  3751 | D        | Noticed a killer bee
  3751 | D        | Killed a killer bee
  3751 | D        | Offered knowledge of Bolt of Fire by Vehumet.
  3751 | D        | Killed a killer bee
  3751 | D        | Killed a killer bee
  3755 | D        | Killed a killer bee
  3755 | D        | Killed a killer bee
  3755 | D        | Killed a killer bee
  3755 | D        | Killed a killer bee
  3757 | D        | Killed a killer bee
  3758 | D        | Killed a killer bee
  3762 | D        | Killed a killer bee
  3766 | D        | Killed a killer bee
  3770 | D        | Killed a killer bee
  3849 | D        | Noticed Nellie
  3849 | D        | Killed from afar by Nellie

Action                   |  1- 3 |  4- 6 |  7- 9 | 10-12 || total
-------------------------+-------+-------+-------+-------++-------
Melee: Long sword        |       |       |       |     3 ||     3
 Cast: Flame Tongue      |    21 |     9 |    29 |    14 ||    73
       Sticky Flame      |       |     4 |     9 |    10 ||    23
       Magic Dart        |       |     2 |       |       ||     2
       Iskenderun's Batt |       |     1 |     9 |    15 ||    25
       Fireball          |       |     1 |    13 |    38 ||    52
       Mephitic Cloud    |       |       |     2 |     1 ||     3
       Dig               |       |       |       |     3 ||     3
       Iskenderun's Myst |       |       |       |     3 ||     3
       Delayed Fireball  |       |       |       |     1 ||     1
  Use: Potion            |       |     6 |       |     2 ||     8
